 Dungeon Crawl Stone Soup version 0.31-a0-828-gb7646bb5e3 (webtiles) character file.

Game seed: 7961809166701240241

165 Majang the Sneak (level 5, -5/26 HPs)
             Began as a Vine Stalker Brigand on Sept 24, 2023.
             Slain by a small abomination (7 damage)
             ... on level 3 of the Dungeon.
             The game lasted 00:12:10 (1577 turns).

Majang the Sneak (Vine Stalker Brigand)             Turns: 1577, Time: 00:12:10

Health: -5/26      AC:  3    Str: 13    XL:     5   Next: 46%
Magic:  0/6        EV: 11    Int: 11    God:
Gold:   169        SH:  0    Dex: 18    Spells: 4/4 levels left

rFire   . . .        b - +0 falchion
rCold   . . .        (no shield)
rNeg    . . .        r - +0 robe
rPois   .            (no helmet)
rElec   .            c - +0 cloak
rCorr   .            (no gloves)
SInv    .            (no boots)
Will    .....        (no amulet)
Stlth   +++          (no ring)
HPRegen 1.04/turn    (no ring)
MPRegen 0.10/turn

%: guardian spirit
@: no status effects
A: fangs 2, regeneration 1, magic shield, antimagic bite, no potion heal 2
a: no special abilities


You were on level 3 of the Dungeon.
You visited 1 branch of the dungeon, and saw 3 of its levels.

You collected 169 gold pieces.

Inventory:

Hand Weapons
 a - a +2 dagger
 b - a +0 falchion (weapon)
Missiles
 d - 9 poisoned darts (quivered)
 e - 3 curare-tipped darts
 f - 6 atropa-tipped darts
Armour
 c - a +0 cloak (worn)
 r - a +0 robe (worn)
Scrolls
 g - 2 scrolls of torment {unknown}
 i - 5 scrolls of identify {unknown}
 k - a scroll of revelation {unknown}
 m - a scroll of noise {unknown}
 n - a scroll of teleportation {unknown}
 o - a scroll of blinking {unknown}
 p - a scroll of enchant armour {unknown}
 q - 3 scrolls of amnesia {unknown}
Potions
 j - a potion of might {unknown}
 l - a potion of invisibility {unknown}


   Skills:
 - Level 1.7 Fighting
 + Level 3.8(4.0) Short Blades
 * Level 1.4(2.9) Long Blades
 - Level 1.7 Throwing
 - Level 0.7 Dodging
 + Level 6.1 Stealth


You had 4 spell levels left.
You didn't know any spells.
Your spell library was empty.

Dungeon Overview and Level Annotations

Branches:
Dungeon (3/15)

Altars:

Shops:
D:3 (

Portals:
Abyss: D:3

Annotations:
D:3 1 transporter, kuniqs's ghost, amateur TeBe


Innate Abilities, Weirdness & Mutations

You have extremely sharp teeth.
Your natural rate of healing is unusually fast.
When hurt, damage is shared between your health and your magic reserves.
Your bite disrupts and absorbs the magic of your enemies.
Potions cannot restore your health.


Message History

Your Stealth skill increases to level 6!
You have reached level 5!
Kuniqs's ghost turns its malevolent gaze towards you.
The iron imp shouts, "Bolt, thou plume-plucked toenail-biting lewdster!"
You see here a +0 whip of distortion.
You hit the iron imp.
The iron imp is lightly wounded.
The iron imp hits you.
The small abomination barely misses you.
b - a +0 falchion (weapon)
You hit the small abomination but do no damage.
The small abomination barely misses you. x2
You hit the small abomination but do no damage.
The small abomination hits you!
You hit the small abomination.
You bite the small abomination, but do no damage.
The small abomination is lightly damaged.
The small abomination barely misses you.
You hit the small abomination. You bite the small abomination.
You drain its power.
You feel invigorated.
The small abomination is moderately damaged.
The small abomination completely misses you.
The small abomination misses you.
You barely miss the small abomination.
The small abomination is moderately damaged.
The small abomination hits you!
You closely miss the small abomination.
The small abomination is moderately damaged.
The small abomination closely misses you. x2
The iron imp summons a swarm of flies.
You hit the small abomination. Your bite misses the small abomination.
The small abomination is heavily damaged.
The small abomination hits you!
* * * LOW HITPOINT WARNING * * *
Okay, then.
You slash the small abomination!
You bite the small abomination, but do no damage.
The small abomination is severely damaged.
The small abomination hits you!
You die...

.#..#..##.##..##..#...#..# .#
.##.#..#..##...###.#∩##..###.#
.##.#..###.##....#:.##.......##
.##.#..###..###.##..##.........
.##.#...###.#####..#.##..#.####
.##.#....©#......#....#©...#
.........##....##xW..##..######
.##.#...##......#x5.##.........
.##.#..##...####@##.#....#.####
.##.#..#..#.#..##..###...#.#
.##.#..##©###...###..#...# #
.##.#...###.......####...#
.##.#....................#.###
....................(.........
###)#...##..#####.#####.#.####
# #.##.###.## #.# #...# #
#.##.##... ##.# ###.#


You could see 2 small abominations, an iron imp and kuniqs's ghost.

Vanquished Creatures
  A kobold brigand (D:3)
  An orc priest (D:3)
  An adder (D:3)
  A worm (D:2)
  4 orcs (D:3)
  3 endoplasms
  3 giant cockroaches
  3 goblins (D:1)
  4 hobgoblins
  9 jackals
  2 quokkas (D:1)
  3 ball pythons
  3 bats
  4 frilled lizards
  3 kobolds
  4 rats
49 creatures vanquished.

Notes
Turn   | Place    | Note
-------+----------+-------------------------------------------
     0 | D:1      | Majang the Vine Stalker Brigand began the quest for the
                  | Orb.
     0 | D:1      | Reached XP level 1. HP: 11/11 MP: 2/2
    98 | D:1      | Reached skill level 5 in Stealth
   190 | D:1      | Reached XP level 2. HP: 15/15 MP: 3/3
   426 | D:1      | Found a faded altar of an unknown god.
   426 | D:1      | Noticed a green death
   663 | D:2      | Reached XP level 3. HP: 18/18 MP: 4/4
  1296 | D:3      | Reached XP level 4. HP: 18/23 MP: 2/5
  1358 | D:3      | Found Panol's Weapon Shoppe.
  1467 | D:3      | Noticed a small abomination
  1469 | D:3      | Noticed a kobold brigand
  1482 | D:3      | Found a transporter.
  1482 | D:3      | Found a one-way gate to the infinite horrors of the Abyss.
  1482 | D:3      | Noticed kuniqs's ghost (amateur TeBe)
  1486 | D:3      | Found a transporter.
  1494 | D:3      | Noticed a small abomination
  1565 | D:3      | Killed a kobold brigand
  1566 | D:3      | Reached skill level 1 in Long Blades
  1566 | D:3      | Reached skill level 6 in Stealth
  1566 | D:3      | Reached XP level 5. HP: 26/26 MP: 6/6
  1576 | D:3      | HP: 1/26 [small abomination (12)]
  1577 | D:3      | Slain by a small abomination

Illustrated notes

Levels and vault maps discovered:
D:1:      co_arrival_two_rings, layout_loops_ring,
          dreamdust_ecumenical_altar_sealed_demon, skrybe_limestone_x,
          st_stairs_1
D:2:      layout_rooms, minmay_pentomino_r2
D:3:      layout_loops_ring, gammafunk_ghost_abyssal_escape, serial_shops, shop

Skill      XL: |  1  2  3  4 |
---------------+-------------+-----
Short Blades   | 2 3 |  3.8
Stealth        | 5 6 |  6.1
Long Blades    | 1 |  1.4
Fighting       | |  1.7
Throwing       | |  1.7
Dodging        | |  0.7

Action                     |  1- 3 |  4- 6 || total
---------------------------+-------+-------++-------
  Melee: Dagger            |   112 |    22 ||   134
         Bite              |    23 |    11 ||    34
         Punch             |     2 |       ||     2
         Falchion          |       |    14 ||    14
   Stab: Sleeping          |    12 |     2 ||    14
 Armour: Robe              |    51 |    14 ||    65
  Dodge: Dodged            |    54 |    23 ||    77

Table legend: (Time is in decaauts)
 A = Elapsed time spent in this place.
 B = Non-inter-level travel time spent in this place.
 C = Inter-level travel time spent in this place.
 D = Time resting spent in this place.
 E = Time spent auto-exploring this place.
 F = Levels seen in this place.
 G = Mean time per level.
                   A        B        C        D        E       F      G
               +--------+--------+--------+--------+--------+-----+--------+
         Total |   1558 |   1510 |     48 |     28 |     84 |   3 |  519.3 |
       Dungeon |   1558 |   1510 |     48 |     28 |     84 |   3 |  519.3 |
               +--------+--------+--------+--------+--------+-----+--------+

Top non-repeatable levels by time:
     D:1: 644 daAuts
     D:2: 458 daAuts
     D:3: 455 daAuts
